 Dungeon Crawl Stone Soup version 0.17.1-1-g73c8601 (webtiles) character file.

105 Miyamura the Grasshopper (level 4, 0/42 HPs)
             Began as a Troll Warper on Dec 23, 2015.
             Slain by a gnoll shaman
             ... wielding a +0 whip
              (3 damage)
             ... on level 3 of the Dungeon.
             The game lasted 00:06:44 (2140 turns).

Miyamura the Grasshopper (Troll Warper)             Turns: 2140, Time: 00:06:45

Health: 0/42       AC:  9    Str: 19    XL:     4   Next: 53%
Magic:  1/5        EV: 10    Int: 10    God:
Gold:   110        SH:  0    Dex:  9    Spells: 2 memorised, 3 levels left

rFire  . . .     SeeInvis .     a - +1 mace
rCold  . . .     Clarity  .     b - +0 robe
rNeg   . . .     SustAt   .     (no shield)
rPois  .         Gourm    +     (helmet restricted)
rElec  .         Spirit   .     (no cloak)
rCorr  .         Warding  .     (gloves unavailable)
rMut   .         Rnd*Tele +     (boots unavailable)
MR     .....                    (no amulet)
Stlth  +.........               k - ring of teleportation (curse)
                                q - +4 ring of protection

@: glowing, not resistant to hostile enchantments, very unstealthy
A: unfitting armour, claws 3, fast metabolism 3, gourmand, regeneration 2,
shaggy fur 1, tough skin 2
a: Evoke Teleportation


You were on level 3 of the Dungeon.
You were not hungry.

You visited 1 branch of the dungeon, and saw 3 of its levels.

You collected 110 gold pieces.

Inventory:

Hand Weapons
 a - a +1 mace (weapon)
Missiles
 e - 5 tomahawks of dispersal (quivered)
Armour
 b - a +0 robe (worn)
Jewellery
 j - an uncursed ring of see invisible
 k - a cursed ring of teleportation (right claw)
 q - a +4 ring of protection (left claw)
Potions
 n - a potion of flight
Books
 c - a book of Spatial Translocations

   Spells                             Type                      Level
   a - Apportation                    Translocation                1
   b - Blink                          Translocation                2
   c - Shroud of Golubria             Charms/Translocation         2
   d - Portal Projectile              Translocation                3
   e - Teleport Other                 Translocation                3
   f - Passage of Golubria            Translocation                4
Comestibles
 f - 3 bread rations
 g - a meat ration


   Skills:
 + Level 2.2 Fighting
 + Level 2.5 Maces & Flails
 - Level 0.8 Throwing
 + Level 2.3 Dodging
 + Level 1.7 Spellcasting
 + Level 2.7 Translocations


You had 3 spell levels left.
You knew the following spells:

 Your Spells              Type           Power        Failure   Level  Hunger
a - Apportation           Tloc           #.........   12%         1    ##.....
b - Blink                 Tloc           N/A          17%         2    ###....


Dungeon Overview and Level Annotations

Branches:
Dungeon (3/15)

Altars:

Annotations:
D:2 Sigmund


Innate Abilities, Weirdness & Mutations

You are too large for most types of armour.
You have claws for hands.
Your metabolism is lightning-fast.
You like to eat raw meat.
You heal very quickly.
You are covered in fur (AC +1).
You have very tough skin (AC +2).


Message History

The gnoll shaman's wounds heal themselves!
The gnoll shaman hits you but does no damage.
You open the door. 3 gnolls come into view.
The gnoll shouts! x3
The gnoll shaman hits you but does no damage.
The gnoll barely misses you.
The gnoll shaman calls upon its god to speed up the gnoll.
The gnoll seems to speed up.
You open the door.
A gnoll comes into view.
The gnoll shouts!
The gnoll hits you from afar with a halberd.
* * * LOW HITPOINT WARNING * * *
The gnoll shaman hits you but does no damage.
The gnoll barely misses you.
The gnoll hits you from afar with a halberd.
* * * LOW HITPOINT WARNING * * *
The gnoll shaman hits you with a whip.
You die...

.$.≈≈ ≈≈≈ ≈≈
##### #...#
#############g..
#...........#g#
#$##.#.......g#
#....#....ggg.#
#######++####@#
#.# #.# #g# #.#
#.# #+#


You could see 2 gnoll shamans and 5 gnolls.

Vanquished Creatures
  2 gnolls (D:3)
  4 adders
  2 oozes
  2 giant geckos
  A ball python (D:1)
  3 bats
  6 goblins
  5 hobgoblins
  4 jackals (D:3)
  2 giant cockroaches (D:2)
  5 giant newts
  3 kobolds
  3 rats
42 creatures vanquished.

Notes
Turn   | Place    | Note
--------------------------------------------------------------
     0 | D:1      | Miyamura the Troll Warper began the quest for the Orb.
     0 | D:1      | Reached XP level 1. HP: 19/19 MP: 1/1
   225 | D:1      | Reached XP level 2. HP: 22/28 MP: 3/3
   338 | D:1      | Learned a level 2 spell: Blink
   895 | D:2      | Reached XP level 3. HP: 35/35 MP: 4/4
  1240 | D:2      | Noticed Sigmund
  1755 | D:2      | Reached XP level 4. HP: 18/42 MP: 5/5
  2127 | D:3      | HP: 1/42 [gnoll shaman/whip of electrocution (3)]
  2140 | D:3      | Slain by a gnoll shaman

Action                   |  1- 3 |  4- 6 || total
-------------------------+-------+-------++-------
Melee: Mace              |   141 |    65 ||   206
 Cast: Blink             |       |     4 ||     4
 Abil: Evoke Teleportati |     1 |       ||     1
  Use: Scroll            |     7 |       ||     7
       Potion            |     2 |     1 ||     3
  Eat: Chunk             |    18 |     3 ||    21
